 Dungeon Crawl Stone Soup version 0.28.0 (webtiles) character file.

Game seed: 11731918794673592567

1 multipassport the Sneak (level 1, -1/14 HPs)
             Began as a Kobold Delver on Feb 10, 2022.
             Frozen to death by an endoplasm (5 damage)
             ... on level 3 of the Dungeon.
             The game lasted 00:03:23 (440 turns).

multipassport the Sneak (Kobold Delver)              Turns: 440, Time: 00:03:23

Health: -1/14      AC:  3    Str:  9    XL:     1   Next: 22%
Magic:  1/1        EV: 14    Int: 11    God:
Gold:   26         SH:  0    Dex: 16    Spells: 0/0 levels left

rFire   . . .      SeeInvis .   a - +0 spear
rCold   . . .      Faith    .   (no shield)
rNeg    . . .      Spirit   .   b - +0 leather armour
rPois   .          Reflect  .   (no helmet)
rElec   .          Harm     .   (no cloak)
rCorr   .          Rampage  .   (no gloves)
Will    .....                   (no boots)
Stlth   ++++......              j - amulet of the acrobat
HPRegen 0.04/turn               (no ring)
MPRegen 0.07/turn               (no ring)

@: no status effects
A: small, no large weapons, nightstalker 3
a: no special abilities


You were on level 3 of the Dungeon.
You visited 1 branch of the dungeon, and saw 3 of its levels.

You collected 26 gold pieces.

Inventory:

Hand Weapons
 a - a +0 spear (weapon)
Armour
 b - a +0 leather armour (worn)
Jewellery
 j - an amulet of the acrobat (around neck)
Wands
 g - a wand of digging (3)
 l - a wand of flame (27)
Scrolls
 c - a scroll of fog
 d - a scroll of magic mapping
 e - a scroll of fear
 i - a scroll of torment {unknown}
Potions
 f - a potion of haste
 h - a potion of heal wounds {unknown}
 k - a potion of resistance {unknown}


   Skills:
 + Level 3.3 Fighting
 + Level 1.6 Polearms
 + Level 2.4 Dodging
 + Level 6.6 Stealth


You couldn't memorise any spells.
You didn't know any spells.
Your spell library contained the following spells:

 Spells                   Type           Power      Damage    Failure   Level
 Summon Guardian Golem    Hex/Summ       0%         N/A       83%         3
 Orb of Destruction       Conj           0%         9d5       100%        7
 Spellforged Servitor     Conj/Summ      0%         N/A       100%        7


Dungeon Overview and Level Annotations

Branches:
Dungeon (5/15)
 Temple: D:4-7

Altars:


Innate Abilities, Weirdness & Mutations

You are small and have problems with some larger weapons.
You are completely attuned to the shadows.


Message History

Found a stone staircase leading down.
A jelly comes into view.
A quokka comes into view.
Found a scroll labelled TEIHEVUILETZ.
A goblin comes into view. It is wielding a +0 dagger.
Found a stone staircase leading up.
The phantom misses you.
There is a stone staircase leading up here.
The phantom hits you!
Ouch! That really hurt!
You climb upwards.
Found 2 scrolls labelled OCHOMY YTAKHLA, a book of Cantrips and 27 stones.
There is a stone staircase leading down here.
A bat comes into view.
An adder comes into view.
Found a scroll labelled KOOJEOMETE.
An endoplasm comes into view.
Found a pair of gloves.
The phantom completely misses you.
An endoplasm comes into view.
You see here a scroll labelled KOOJEOMETE.
Found an ivory wand.
The phantom misses you.
A kobold comes into view. It is wielding a +0 dagger.
The helpless kobold fails to defend itself.
You hit the kobold.
You kill the kobold!
The phantom barely misses you.
Things that are here:
a +0 dagger; a stone; a kobold corpse A kobold comes into view.
It is wielding a +0 club.
You open the door. The phantom hits you.
* * * LOW HITPOINT WARNING * * *
The phantom blinks!
You blink.
The phantom completely misses you.
An endoplasm comes into view.
The helpless endoplasm fails to defend itself.
You hit the endoplasm but do no damage. The endoplasm barely misses you.
You barely miss the endoplasm. The phantom barely misses you.
The endoplasm freezes you.
You are frozen.
You die...

#.# #.########.# ..
#.# #..........# #
#.# ############
#.# #.# #.# #.#
#.#################
#............W@J...
###################


You could see a phantom and an endoplasm.

Vanquished Creatures
  A kobold (D:3)
1 creature vanquished.

Notes
Turn   | Place    | Note
-------+----------+-------------------------------------------
     0 | D:5      | multipassport the Kobold Delver began the quest for the
                  | Orb.
     0 | D:5      | Reached XP level 1. HP: 14/14 MP: 1/1
   111 | D:5      | Noticed a phantom
   164 | D:4      | Noticed a hound
   280 | D:4      | Noticed a jelly
   440 | D:3      | Frozen to death by an endoplasm

Illustrated notes

Levels and vault maps discovered:
D:3:      layout_basic
D:4:      layout_basic, amcnicky_mini_rare_corridor_liquid, grunt_ministairs_1
D:5:      layout_gridville, minmay_temple_entry_statues_pillars, minivault_25

Action                   || total
-------------------------++-------
Melee: Spear             ||     3
 Stab: Sleeping          ||     2
Dodge: Dodged            ||    19
